[Event "*** SCC Grand Prix: Titled Tuesday Blitz"]
[Site "Chess.com"]
[Date "2020.09.08"]
[Round "8"]
[White "gumimis"]
[Black "Alindsay211"]
[Result "0-1"]
[WhiteElo "2191"]
[BlackElo "2298"]
[TimeControl "180+1"]
[EndTime "11:37:14 PDT"]
[Termination "Alindsay211 won by checkmate"]

1. e4 c5 2. Nf3 d6 3. d4 cxd4 4.
Nxd4 Nf6 5. Nc3 Nc6 6. Bg5 e6 7.
f4 h6 8. Bh4 Be7 9. Nxc6 bxc6 10.
Qf3 d5 11. e5 Nd7 12. Bxe7 Qxe7 13. Bd3 Rb8 14. Nd1 Qb4+ 15. c3 Qb6 16. Qg3 O-O 17.
a4 a5 18. Rf1 Nc5 19. Bc2 Ba6 20. Rf3 Ne4 21. Bxe4 Qg1+ 22. Kd2 dxe4 23. Qf2 Rfd8+ 24. Kc2 Bd3+ 25. Kc1 Qh1 26. Rg3 Bc4 27. Qd2 Rxd2 28.
Kxd2 Rd8+ 29. Kc2 Bd3+ 30. Kb3 Rb8+ 31. Ka3 Qe1 32. Re3 Qd2 33. g4 Be2 34. Rxe2 Qxe2 35. f5 Qxg4 36. f6 gxf6 37. Ne3 Qg6 38. Rg1 f5 39.
Rxg6+ fxg6 40. Nc4 f4 41. Nxa5 e3 42. Nc4 e2 43. Nd6 e1=Q 44. b4 Qxc3+ 45. Ka2 Rxb4 46. Nc4 Rxa4+ 47. Kb1 Ra1# 0-1

[Event "*** SCC Grand Prix: Titled Tuesday Blitz"]
[Site "Chess.com"]
[Date "2020.09.08"]
[Round "8"]
[White "SophieNikoladze"]
[Black "MashaFromRussia"]
[Result "0-1"]
[WhiteElo "2242"]
[BlackElo "2362"]
[TimeControl "180+1"]
[EndTime "11:37:15 PDT"]
[Termination "MashaFromRussia won by resignation"]

1. d4 Nf6 2. Nf3 g6 3. g3 Bg7 4. Bg2 O-O 5. O-O d6 6. c4 Nc6 7.
Nc3 a6 8. e4 Rb8 9. a4 Nd7 10.
Re1 e5 11. d5 Nd4 12. Nxd4 exd4 13. Ne2 Qf6 14. Ra3 c5 15. dxc6 bxc6 16. Rf3 Qe5 17.
Bf4 Qc5 18. Rd3 Rxb2 19. Nxd4 Ne5 20. Bxe5 Bxe5 21. Bf1 a5 22. Re2 Rxe2 23. Bxe2 Ba6 24.
Nf3 Bxc4 25. Nxe5 Qxe5 26. Rd2 Bxe2 27. Qxe2 Rb8 28. Qc4 c5 29. Rd5 Qa1+ 30. Kg2 Rb4 31. Qa6 Rxe4 32. Rxd6 Qxa4 33. Qa8+ Kg7 34. Ra6 Qd4 35.
Rxa5 Re2 36. Qf3 Re1 37. Ra7 Qc4 38. Rxf7+ Qxf7 39. Qc3+ Qf6 40. Qxe1 c4 41. Qe4 c3 42. Qb7+ Kh6 43. Qc7 Qd4 44. h4 Qe4+ 45. Kh3 c2 46.
g4 Qf3+ 47. Kh2 Qxf2+ 48. Kh3 Qe3+ 49. Kg2 c1=Q 50. g5+ Kh5 51. Qxh7+ Kg4 52. Qd7+ Kxh4 53. Qh7+ Kxg5 54. Qf7 0-1

[Event "*** SCC Grand Prix: Titled Tuesday Blitz"]
[Site "Chess.com"]
[Date "2020.09.08"]
[Round "8"]
[White "VladimirBugayev"]
[Black "teacher4chess"]
[Result "0-1"]
[WhiteElo "2257"]
[BlackElo "2110"]
[TimeControl "180+1"]
[EndTime "11:37:15 PDT"]
[Termination "teacher4chess won on time"]

1. e4 Nf6 2. e5 Nd5 3. d4 Nb6 4.
c4 d6 5. exd6 cxd6 6. Nc3 g6 7.
Be3 Bg7 8. Rc1 O-O 9. b3 Nc6 10.
Be2 Bf5 11. Nf3 e5 12. dxe5 dxe5 13. O-O e4 14. Nd2 Qe7 15. Bxb6 Bxc3 16. Rxc3 axb6 17.
a4 Rad8 18. Qc1 Nd4 19. Bd1 Qb4 20. h3 Rfe8 21. Re1 g5 22. Nf1 h6 23. h4 f6 24.
hxg5 hxg5 25. Ne3 Bg6 26. Nd5 Qd6 27. Qe3 Nf5 28. Qxb6 Qxb6 29. Nxb6 Rd2 30. Nd5 Nd4 31. Nxf6+ Kf7 32. Nxe8 Kxe8 33. Kf1 Kd7 34. Bg4+ Kd6 35. Rd1 Rxd1+ 36. Bxd1 Kc5 37. Rg3 Ne6 38. Ke1 Kb4 39. Kd2 Bf5 40. Kc1 Nf4 41. Kd2 Nd3 42. Rxg5 Bd7 43.
Bc2 Nxf2 44. Rg7 Bc6 45. Ke3 Nh1 46. Rg4 Kc3 47. Bxe4 Bxe4 48. Rxe4 Kxb3 49. c5 Ng3 50. Re7 Nf5+ 51. Ke4 Nxe7 0-1

[Event "*** SCC Grand Prix: Titled Tuesday Blitz"]
[Site "Chess.com"]
[Date "2020.09.08"]
[Round "8"]
[White "Violord"]
[Black "penguingm1"]
[Result "0-1"]
[WhiteElo "2678"]
[BlackElo "2945"]
[TimeControl "180+1"]
[EndTime "11:37:16 PDT"]
[Termination "penguingm1 won on time"]

1. e4 e5 2. Nf3 Nc6 3. Bb5 g6 4.
c3 a6 5. Ba4 Bg7 6. d4 exd4 7.
cxd4 b5 8. Bc2 d6 9. d5 Na5 10. O-O Nc4 11. a4 Nxb2 12. Bxb2 Bxb2 13. Ra2 Bg7 14.
axb5 Nf6 15. Bd3 a5 16. Nbd2 O-O 17. Nc4 Nd7 18. Nxa5 Qf6 19. Qc2 Nc5 20. Be2 Re8 21. e5 Qf4 22. Nc6 Bf5 23. Rxa8 Rxa8 24. Qc4 Qxc4 25. Bxc4 Ra4 26. Rc1 Bh6 27. Rc3 Ra1+ 28.
Bf1 Bd3 29. Rxd3 Nxd3 30. b6 cxb6 31. exd6 Nc5 32. Nfe5 Bg5 33. d7 Nb7 34. g3 Kf8 35. Kg2 Bf6 36. Nc4 b5 37. Nb6 b4 38.
Nxb4 Ra5 39. Nc6 Rc5 40. h4 Nd8 41. Na4 Rxd5 42. Nxd8 Bxd8 43. Nc3 Rxd7 44. Ne4 Bb6 45. f4 Ra7 46. Be2 Ra2 47. Kf3 Ra3+ 48. Kg2 Ke7 49. Bf3 h6 50. h5 f5 51. Nc3 Rxc3 0-1

[Event "*** SCC Grand Prix: Titled Tuesday Blitz"]
[Site "Chess.com"]
[Date "2020.09.08"]
[Round "8"]
[White "azikom"]
[Black "IveBeenThroughPain"]
[Result "1-0"]
[WhiteElo "2637"]
[BlackElo "2475"]
[TimeControl "180+1"]
[EndTime "11:37:17 PDT"]
[Termination "azikom won by resignation"]

1. Nf3 d6 2. e4 Nf6 3. Nc3 e5 4. d4 Nbd7 5. Be3 Be7 6. h3 c6 7. Qd2 b5 8. Bd3 O-O 9. O-O a5 10. Ne2 Bb7 11. Ng3 g6 12. c3 Re8 13. Rfe1 Qc7 14.
Rad1 Rad8 15. Bh6 Bf8 16. Nh2 Bg7 17. Bxg7 Kxg7 18. f4 b4 19. Rf1 bxc3 20. bxc3 c5 21. fxe5 dxe5 22. d5 c4 23. Be2 Nc5 24. Qe3 Nd3 25.
Bxd3 cxd3 26. Qg5 Ng8 27. Kh1 f6 28. Nh5+ Kh8 29. Nxf6 Qe7 30. Nhg4 Rd6 31. Nxe8 Qxg5 32. Nxd6 Qe7 33. Nxb7 Qxb7 34. Nxe5 Qe7 35. Nf7+ Kg7 36. e5 Qd7 37. Rxd3 Qb5 38. Rff3 Ne7 39. d6 Nc6 40. d7 Qb1+ 41. Kh2 Qb6 42. d8=Q Nxd8 43. Rxd8 a4 44.
a3 Qc7 45. Rd6 Qc5 46. Rd7 Kg8 47. Nh6+ Kh8 48. Nf7+ Kg8 49. c4 Kg7 50. Ng5+ Kh6 51. Nf7+ Kg7 52. Rb7 g5 53. Nxg5+ Kg6 54. Nf7 Qc6 55.
Rb5 Qe6 56. Rd5 h5 57. Rd6 Qxd6 58. exd6 h4 59. d7 1-0

[Event "*** SCC Grand Prix: Titled Tuesday Blitz"]
[Site "Chess.com"]
[Date "2020.09.08"]
[Round "8"]
[White "zajka-molotok"]
[Black "BUITRONGHAO"]
[Result "1-0"]
[WhiteElo "2403"]
[BlackElo "2549"]
[TimeControl "180+1"]
[EndTime "11:37:17 PDT"]
[Termination "zajka-molotok won on time"]

1. d4 d5 2. c4 c6 3. cxd5 cxd5 4. Nc3 Nc6 5. e4 Nf6 6. e5 Ne4 7. Nf3 e6 8. Bd3 Bb4 9. O-O Nxc3 10. bxc3 Bxc3 11. Rb1 Qa5 12. Rb3 Bb4 13. Bb1 b6 14. a3 Be7 15. Bd2 Qa4 16. Bc2 Nxd4 17. Nxd4 Qxd4 18. Rd3 Qc4 19. Rc3 Qa6 20. Rc7 Bd7 21. Qg4 Kd8 22. Rc3 g6 23. Bg5 Re8 24. Rc1 Rc8 25.
Bd3 Qb7 26. Rxc8+ Bxc8 27. h4 Bxg5 28. Qxg5+ Qe7 29. Qh6 Bd7 30. Qxh7 a5 31. g3 b5 32. Qh6 b4 33. axb4 Qxb4 34. Qe3 Ke7 35. Qg5+ Kf8 36. Qf6 Rc8 37. Rb1 Qc5 38. Bxg6 Be8 39. Rb7 Rc7 40. Rb8 Rc8 41. Rb7 Rc7 42. Qh8+ Ke7 43. Rb8 Rc8 44. Qf6+ Kf8 45. Rb1 a4 46. h5 a3 47. h6 a2 48. Rf1 Qxf2+ 49. Qxf2 a1=Q 50. Rxa1 Rc2 51. Qxc2 1-0

[Event "*** SCC Grand Prix: Titled Tuesday Blitz"]
[Site "Chess.com"]
[Date "2020.09.08"]
[Round "8"]
[White "mortngabriel"]
[Black "poppy73"]
[Result "0-1"]
[WhiteElo "2378"]
[BlackElo "2260"]
[TimeControl "180+1"]
[EndTime "11:37:18 PDT"]
[Termination "poppy73 won on time"]

1. e4 c5 2. Nf3 d6 3. d4 cxd4 4. Nxd4 Nf6 5. Nc3 a6 6. h3 e5 7. Nde2 h5 8. g3 Be6 9. Bg2 Be7 10. a4 Nbd7 11. O-O Rc8 12. Be3 Nb6 13. a5 Nc4 14. Bg5 Nxa5 15. Bxf6 Bxf6 16. Nd5 Bxd5 17. Qxd5 Rc5 18.
Qd3 Nc4 19. b3 Nb6 20. c4 O-O 21. Nc3 Qc7 22. h4 g6 23. Rad1 Rd8 24. Bh3 Qe7 25. Rd2 Bg7 26. Rfd1 Bh6 27. Rb2 Bf8 28. Qe3 Qc7 29. Rd3 Kh7 30. Kg2 Bh6 31. Qf3 Kg8 32.
Rb1 Kh7 33. Rbd1 Bf8 34. g4 hxg4 35. Bxg4 Qe7 36. Rh1 Bh6 37. h5 Rg8 38. hxg6+ Rxg6 39. Kf1 Kg7 40. Bf5 Rg5 41. Qh3 Qf6 42. Ke2 Rc7 43.
Rf3 d5 44. exd5 e4 45. Bxe4 Qe5 0-1

[Event "*** SCC Grand Prix: Titled Tuesday Blitz"]
[Site "Chess.com"]
[Date "2020.09.08"]
[Round "8"]
[White "peixe64"]
[Black "Bayernbk"]
[Result "0-1"]
[WhiteElo "2345"]
[BlackElo "2516"]
[TimeControl "180+1"]
[EndTime "11:37:20 PDT"]
[Termination "Bayernbk won on time"]

1. e4 e6 2. d4 d5 3. Nc3 Nf6 4. e5 Nfd7 5. f4 c5 6. Nf3 Nc6 7. Be3 a6 8. Qd2 b5 9. Be2 Qb6 10. Nd1 b4 11. c3 a5 12. O-O Ba6 13. Bxa6 Rxa6 14. Nf2 Be7 15. Nd3 O-O 16. f5 exf5 17. Nf4 bxc3 18. bxc3 cxd4 19. cxd4 Bb4 20. Qd3 Ne7 21. a3 Raa8 22. axb4 axb4 23. Qb3 Qb5 24. Rfc1 Rxa1 25. Rxa1 Nb6 26. Nd3 Nc4 27. Bd2 Nc6 28.
Be1 h6 29. Rb1 Rb8 30. Bf2 g5 31. Nc5 g4 32. Nh4 Nd2 33. Qd1 Nxb1 34. Qxb1 Ne7 35. Nxf5 Nxf5 36. Qxf5 b3 37. Qxg4+ Kh8 38. Bh4 Rg8 39.
Bf6+ Kh7 40. Qf5+ Rg6 41. Qb1 Qc4 42. h4 Qc2 43. Qxc2 bxc2 44. Nd3 Rg3 45. Nc1 Ra3 46. Kf2 Ra1 47. Nd3 Rd1 48. Bg5 hxg5 49. Nb2 Rb1 50. Nd3 Rd1 51. Nb2 c1=Q 52. Nxd1 Qxd1 0-1

[Event "*** SCC Grand Prix: Titled Tuesday Blitz"]
[Site "Chess.com"]
[Date "2020.09.08"]
[Round "8"]
[White "GOGIEFF"]
[Black "Bigfish1995"]
[Result "0-1"]
[WhiteElo "2906"]
[BlackElo "3024"]
[TimeControl "180+1"]
[EndTime "11:37:21 PDT"]
[Termination "Bigfish1995 won by resignation"]

1. d4 Nf6 2. c4 e6 3. Nf3 d5 4.
Nc3 c5 5. cxd5 Nxd5 6. e4 Nxc3 7. bxc3 cxd4 8. cxd4 Bb4+ 9. Bd2 Bxd2+ 10. Qxd2 O-O 11.
Bc4 b6 12. O-O Nd7 13. a4 Bb7 14. Rfe1 Nf6 15. Bd3 Rc8 16. a5 h6 17. axb6 axb6 18. h3 Ra8 19. Rab1 Ra3 20. Re3 Qa8 21. Rbe1 Rc8 22. Ne5 Qa4 23. Rg3 Kf8 24. d5 exd5 25. exd5 Bxd5 26. Qe3 Qb4 27. Rb1 Rb3 28. Rxb3 Bxb3 29.
Bf5 Re8 30. Bd7 Re7 31. Qxb3 Qxb3 32. Rxb3 Rxe5 33. Bc6 Re1+ 34. Kh2 Re2 35. f3 Nh5 36. Rb4 g5 37. f4 Nxf4 38. Rxb6 Kg7 39. Rb7 Kg6 40.
Bf3 Re3 41. Kg3 Nd3 42. h4 f5 43. hxg5 hxg5 44. Rb6+ Kg7 45. Rb7+ Kf6 46. Rb6+ Ke7 47. Rb7+ Kd6 48. Rb6+ Kc5 49. Rf6 Re5 50. Rg6 f4+ 51.
Kh2 Kd4 52. g3 Ke3 53. gxf4 Nxf4 54. Bg4 Nxg6 0-1

[Event "*** SCC Grand Prix: Titled Tuesday Blitz"]
[Site "Chess.com"]
[Date "2020.09.08"]
[Round "8"]
[White "Sanan_Sjugirov"]
[Black "Firouzja2003"]
[Result "0-1"]
[WhiteElo "2840"]
[BlackElo "2994"]
[TimeControl "180+1"]
[EndTime "11:37:21 PDT"]
[Termination "Firouzja2003 won on time"]

1. e4 c5 2. Nf3 d6 3. Bb5+ Nd7 4.
d4 cxd4 5. O-O a6 6. Bxd7+ Bxd7 7. Qxd4 Rc8 8. c4 e5 9. Qd3 b5 10. Nfd2 Qc7 11. b3 Nf6 12. Nc3 Be7 13. Bb2 Qb7 14. Rfc1 O-O 15. h3 Rfd8 16. Rab1 h6 17. Ba1 Rc7 18.
cxb5 axb5 19. a4 bxa4 20. bxa4 Qa8 21. Nc4 Be6 22. Nb6 Qa7 23. Kh2 Rc5 24. Rb5 Rxb5 25. Qxb5 Rb8 26. a5 Bd8 27. Rb1 Nd7 28. Nca4 Nf6 29. f3 Bd7 30. Qc4 Bxa4 31. Nc8 Qc7 32. Qxc7 Bxc7 33. Rxb8 Bxb8 34. a6 Bd7 35. a7 Bxa7 36.
Nxa7 Ne8 37. Bc3 f6 38. Bb4 Kf7 39. Kg3 Ke7 40. Kf2 Kd8 41. Ba5+ Ke7 42. Ke3 Ke6 43. g4 d5 44. exd5+ Kxd5 45. Bb4 g6 46. h4 h5 47. gxh5 gxh5 48. f4 e4 49. f5 Ng7 50.
Kf4 Nxf5 51. Nb5 Kc4 0-1

[Event "*** SCC Grand Prix: Titled Tuesday Blitz"]
[Site "Chess.com"]
[Date "2020.09.08"]
[Round "8"]
[White "Love_craft"]
[Black "Bacyanide"]
[Result "0-1"]
[WhiteElo "2568"]
[BlackElo "2423"]
[TimeControl "180+1"]
[EndTime "11:37:21 PDT"]
[Termination "Bacyanide won by checkmate"]

1. Nf3 Nf6 2. g3 g6 3. Bg2 Bg7 4. O-O O-O 5. d4 d6 6. c4 Nc6 7. d5 Na5 8. Nbd2 c6 9. e4 cxd5 10. cxd5 Nd7 11. Rb1 b5 12. b4 Nc4 13. Nxc4 bxc4 14. Qc2 c3 15. Be3 Qc7 16. Bd4 Bb7 17. Bxg7 Kxg7 18. Rfc1 Rfc8 19. Rb3 Qc4 20. Bf1 Qc7 21.
Rxc3 Qb6 22. a3 Ne5 23. Nxe5 dxe5 24. Rc5 a5 25. Qc3 axb4 26. Qxe5+ Kg8 27. axb4 Qxb4 28.
Qxe7 Re8 29. Qd6 Qxe4 30. h4 Rad8 31. Qf6 Bxd5 32. Rxd5 Qxd5 33. Bc4 Qd7 34. h5 Qe7 35. Qa6 Rd6 36. Qb5 Qd7 37. Qa5 Rd1+ 38. Rxd1 Qxd1+ 39. Bf1 Qxh5 40. Qa4 Qe5 41. Qb4 Kg7 42. Qa4 Re7 43. Qc6 h5 44. Qc8 Qg5 45. Qh3 h4 46. g4 f5 47. Qc3+ Qf6 48. Qf3 Qg5 49. Bh3 fxg4 50. Bxg4 Rf7 51. Qc3+ Kh7 52. Qh3 Rf4 53. f3 Kh6 54.
Qf1 Rxg4+ 55. fxg4 Qxg4+ 56. Kh1 h3 57. Qd3 Qg2# 0-1

[Event "*** SCC Grand Prix: Titled Tuesday Blitz"]
[Site "Chess.com"]
[Date "2020.09.08"]
[Round "8"]
[White "queen_iryna"]
[Black "MFguimaraes"]
[Result "1/2-1/2"]
[WhiteElo "2295"]
[BlackElo "2406"]
[TimeControl "180+1"]
[EndTime "11:37:22 PDT"]
[Termination "Game drawn - insufficient material"]

1. d4 f5 2. Nc3 Nf6 3. Bg5 d5 4.
Bxf6 exf6 5. e3 Be6 6. Bd3 Nc6 7. Qf3 Qd7 8. a3 a6 9. Nge2 g6 10. h3 Bg7 11. Nf4 Ne7 12. g4 fxg4 13. hxg4 Bxg4 14. Qg2 O-O-O 15. f3 Bf5 16. e4 dxe4 17. fxe4 Qxd4 18. Nfe2 Qe5 19. exf5 Nxf5 20. O-O-O Kb8 21. Bxf5 Rxd1+ 22. Rxd1 Qxf5 23. Nd4 Qg5+ 24. Qxg5 fxg5 25. Ne6 Bxc3 26.
bxc3 g4 27. Nf4 Rf8 28. Ne6 Re8 29. Ng5 h6 30. Nf7 h5 31. Rg1 Re7 32. Ng5 Re5 33.
Nf7 Rf5 34. Nd8 Rf6 35. Re1 Kc8 36. Ne6 g3 37. Nc5 c6 38. Rg1 h4 39. Ne4 Rf4 40. Nxg3 hxg3 41. Rxg3 Rf6 42. Kb2 Kd7 43. Rg5 Ke6 44.
Rg1 Kf7 45. c4 Rf3 46. c3 Kf6 47. Kb3 g5 48. Kb4 b6 49. c5 Rf4+ 50. c4 b5 51. Ka5 Rxc4 52. Kb6 b4 53. axb4 Rxb4+ 54. Kxc6 g4 55.
Kd7 Kf5 56. c6 Rc4 57. c7 Kf4 58. c8=Q Rxc8 59. Kxc8 g3 60. Kb7 Kf3 61. Kxa6 Kf2 62. Rxg3 Kxg3 1/2-1/2

[Event "*** SCC Grand Prix: Titled Tuesday Blitz"]
[Site "Chess.com"]
[Date "2020.09.08"]
[Round "8"]
[White "niki_2003"]
[Black "Cambek64"]
[Result "1-0"]
[WhiteElo "1669"]
[BlackElo "2255"]
[TimeControl "180+1"]
[EndTime "11:37:22 PDT"]
[Termination "niki_2003 won on time"]

1. d4 d5 2. c4 dxc4 3. e3 Nf6 4. Bxc4 a6 5. a4 e6 6. Nc3 c5 7. Nge2 Nc6 8. O-O cxd4 9. exd4 Nb4 10. Bg5 Be7 11.
Re1 O-O 12. Bxf6 Bxf6 13. Qb3 Nc6 14. Rad1 Na5 15. Qa2 Nxc4 16. Qxc4 Bd7 17. d5 exd5 18. Nxd5 Bc6 19. Nef4 Bxd5 20. Nxd5 Kh8 21. a5 Rc8 22. Qg4 Qxa5 23. Nxf6 gxf6 24. Re3 Rg8 25. Qh4 Qg5 26. Qe4 Rce8 27. Qf3 Rxe3 28. fxe3 Re8 29. Re1 b5 30.
Kf2 Re5 31. e4 f5 32. Qc3 f6 33. exf5 Qxf5+ 34. Kg1 Rxe1+ 35. Qxe1 Qe5 36. Qd2 Kg7 37. Qd7+ Kh6 38. Qd2+ Kg6 39. Qd3+ f5 40. Kf1 Qxb2 41. Qg3+ Kf6 42. Qd6+ Kg5 43. Qg3+ Kf6 44. Qd6+ 1-0

[Event "*** SCC Grand Prix: Titled Tuesday Blitz"]
[Site "Chess.com"]
[Date "2020.09.08"]
[Round "8"]
[White "juancruzarias"]
[Black "davidkalashian"]
[Result "1-0"]
[WhiteElo "2468"]
[BlackElo "2592"]
[TimeControl "180+1"]
[EndTime "11:37:23 PDT"]
[Termination "juancruzarias won on time"]

1. d4 Nf6 2. Bg5 e6 3. Nf3 h6 4. Bh4 g5 5. Bg3 Ne4 6. Nbd2 Nxg3 7. hxg3 Bg7 8. e4 d6 9. c3 Nc6 10. Bd3 Bd7 11. Nf1 Qe7 12. Ne3 O-O-O 13. Qb3 Rde8 14.
a4 f5 15. a5 a6 16. exf5 exf5 17. Kd2 f4 18. gxf4 gxf4 19. Nf5 Qf8 20. Nxg7 Qxg7 21. Rh2 Bg4 22. Qd5 Be6 23. Qh5 Bg4 24. Qd5 Kb8 25.
b4 Ne7 26. Qb3 Bf5 27. b5 Bxd3 28. Kxd3 axb5 29. a6 c6 30. Qa3 Qg6+ 31. Kd2 Nc8 32. axb7 Kxb7 33. Qa8+ Kc7 34. Ra6 Qe4 35. Rh1 Qe2+ 36. Kc1 Qc4 37. Ra7+ Kd8 38. Ra3 Re2 39. Qa5+ Kd7 40. Rd1 Rxf2 41. d5 Qe4 42. dxc6+ Qxc6 43. Qb4 Re8 44. Qd4 Ree2 45. Nd2 b4 46. Rb3 Qxg2 47. Rxb4 Rxd2 48. Rxd2 Qg1+ 49. Kc2 Rxd2+ 50. Qxd2 Qh1 51. Rxf4 Qa8 52. Rd4 Qa2+ 53. Kd3 Qa6+ 54. c4 Qa5 55. Qxa5 1-0

[Event "*** SCC Grand Prix: Titled Tuesday Blitz"]
[Site "Chess.com"]
[Date "2020.09.08"]
[Round "8"]
[White "BocharovD"]
[Black "GM_dmitrij"]
[Result "0-1"]
[WhiteElo "2794"]
[BlackElo "2921"]
[TimeControl "180+1"]
[EndTime "11:37:25 PDT"]
[Termination "GM_dmitrij won on time"]

1. c4 e5 2. d3 Nf6 3. Nf3 Bb4+ 4. Nbd2 O-O 5. Nxe5 Re8 6. Nf3 d5 7. cxd5 Qxd5 8. e4 Bg4 9. Be2 Qd7 10. O-O Nc6 11.
Nb3 Rad8 12. Be3 Bxf3 13. Bxf3 Ne5 14. Be2 Nxd3 15. Qc2 Ne5 16. Rfd1 Qc8 17. f3 b6 18. Rac1 Bd6 19. Nd4 c5 20. Nf5 Bf8 21. Bb5 Rxd1+ 22.
Rxd1 Rd8 23. Bg5 Rxd1+ 24. Qxd1 c4 25. Kh1 a6 26. Ba4 Nd3 27. Qd2 Bc5 28. h3 Qc7 29.
Bh4 g6 30. Bc2 Nh5 31. Bxd3 cxd3 32. Nh6+ Kg7 33. Ng4 Ng3+ 34. Bxg3 Qxg3 35. b4 Bd4 36.
Qh6+ Kg8 37. Qd2 h5 38. Ne3 Qf4 39. Nf1 Qxd2 40. Nxd2 Bc3 41. Nf1 Bxb4 42. Ne3 Bc5 43. Nd1 h4 44. Kh2 g5 45. g3 Bd6 46. f4 hxg3+ 47.
Kxg3 Bxf4+ 48. Kf3 Kg7 49. Nf2 d2 50. Ke2 Kg6 51.
Nd3 Kh5 52. Nxf4+ gxf4 53. Kxd2 Kh4 54. Ke2 Kg3 0-1

[Event "*** SCC Grand Prix: Titled Tuesday Blitz"]
[Site "Chess.com"]
[Date "2020.09.08"]
[Round "8"]
[White "chessfrendz"]
[Black "woodpusher52"]
[Result "0-1"]
[WhiteElo "2265"]
[BlackElo "2450"]
[TimeControl "180+1"]
[EndTime "11:37:25 PDT"]
[Termination "woodpusher52 won on time"]

1. e4 e5 2. Nf3 Nc6 3. Bb5 Nf6 4. d3 d6 5. O-O Be7 6. c3 O-O 7. h3 a6 8. Ba4 b5 9. Bc2 d5 10. Qe2 Bc5 11. Nbd2 dxe4 12. dxe4 Qe7 13. Re1 Bb7 14. Nf1 Rfd8 15. Ng3 Bc8 16. Nh4 Qf8 17. Nhf5 Ne7 18. Bg5 Nxf5 19. Nxf5 Be7 20. Nxe7+ Qxe7 21. a4 c6 22. Qf3 Be6 23. Qg3 Bd7 24. Rad1 Be8 25.
Qh4 h6 26. Bxf6 Qxf6 27. Qxf6 gxf6 28. g3 Kf8 29. Kg2 Ke7 30. Kf3 Bd7 31. h4 Be6 32. Ke3 Bg4 33. f3 Be6 34. g4 Rg8 35. axb5 axb5 36. Ra1 h5 37. gxh5 Rh8 38. Rxa8 Rxa8 39. b4 Ra2 40. Re2 Ra3 41. Kd2 Ra8 42. f4 exf4 43. Rf2 Rd8+ 44. Kc1 Rh8 45. Bd1 Kd6 46. Rxf4 Ke5 47. Rf2 Ra8 48. Bc2 Ra1+ 49. Bb1 Ra8 50. Bc2 Rh8 51. Bd1 c5 52. bxc5 Rc8 0-1

[Event "*** SCC Grand Prix: Titled Tuesday Blitz"]
[Site "Chess.com"]
[Date "2020.09.08"]
[Round "8"]
[White "Pikachess999"]
[Black "annacramling"]
[Result "1-0"]
[WhiteElo "2393"]
[BlackElo "2151"]
[TimeControl "180+1"]
[EndTime "11:37:26 PDT"]
[Termination "Pikachess999 won on time"]

1. e4 c5 2. a3 g6 3. h4 h5 4. d4 cxd4 5. Nf3 Bg7 6. Nxd4 Nc6 7. Be3 Nf6 8. Nc3 d6 9. f3 O-O 10. Qd2 a6 11. O-O-O Nxd4 12. Bxd4 b5 13. Kb1 Rb8 14. Ne2 a5 15. Nc1 b4 16. a4 b3 17. Nxb3 Bd7 18. Qxa5 Qxa5 19. Nxa5 Bxa4 20. Bc4 Rfc8 21. Bb3 Bb5 22. c4 Be8 23. Rd3 Ra8 24. Bc3 Nxe4 25. fxe4 Bxc3 26. Rxc3 Rxa5 27. Bc2 Rca8 28.
Ra3 Rxa3 29. bxa3 Rxa3 30. Kb2 Rg3 31. Rg1 Bc6 32. Kc1 Rg4 33. g3 Bxe4 34. Bb3 Bd3 35. c5 dxc5 36. Kd2 c4 37. Ba4 Bf5 38. Kc3 Re4 39.
Bc6 Rg4 40. Bf3 Be6 41. Bxg4 hxg4 42. Re1 Kg7 43. Kd4 Kf6 44. Rf1+ Kg7 45. Ke5 c3 46. Rc1 c2 47. Rxc2 Kh6 48. Rc7 Bf5 49. Rxe7 Kg7 50. Ra7 Kf8 51. Kf4 Kg7 52. Kg5 Kf8 53. Kf6 Be6 54.
Ra8+ 1-0

[Event "*** SCC Grand Prix: Titled Tuesday Blitz"]
[Site "Chess.com"]
[Date "2020.09.08"]
[Round "8"]
[White "Gabrielian_Artur"]
[Black "GM_Levan_Pantsulaia"]
[Result "1-0"]
[WhiteElo "2730"]
[BlackElo "2846"]
[TimeControl "180+1"]
[EndTime "11:37:27 PDT"]
[Termination "Gabrielian_Artur won on time"]

1. e4 c6 2. d4 d5 3. Nd2 dxe4 4. Nxe4 Bf5 5. Ng3 Bg6 6. c3 e6 7. Nh3 Bd6 8. Nf4 Nf6 9. h4 Qc7 10. Qf3 Nbd7 11. h5 Bc2 12. h6 g6 13. Bd3 Bxd3 14.
Nxd3 Qa5 15. Bf4 Be7 16. O-O Qd5 17. Qe2 Nh5 18. Nxh5 Qxh5 19. Qxh5 gxh5 20. f3 h4 21. Kf2 Rg8 22. Rh1 Rg6 23. Rae1 Rd8 24. Kf1 Rc8 25.
Be3 a5 26. Nf4 Rxh6 27. Nd5 Rh5 28. Nxe7 Kxe7 29. Bf2 h3 30. g4 Rb5 31. Re2 Nb6 32. b3 a4 33. c4 Ra5 34. Rxh3 axb3 35. axb3 Ra3 36. d5 Nd7 37. dxe6 Ra1+ 38. Kg2 Nf8 39. Bc5+ Ke8 40. e7 Ng6 41. Re4 Kd7 42.
Rxh7 Re8 43. Rxf7 Rb1 44. b4 Rb3 45. Rf6 1-0

[Event "*** SCC Grand Prix: Titled Tuesday Blitz"]
[Site "Chess.com"]
[Date "2020.09.08"]
[Round "8"]
[White "Rud_Makarian"]
[Black "manitodeplomo"]
[Result "1-0"]
[WhiteElo "2762"]
[BlackElo "2577"]
[TimeControl "180+1"]
[EndTime "11:37:28 PDT"]
[Termination "Rud_Makarian won on time"]

1. d4 g6 2. Nf3 Bg7 3. h4 h5 4. e4 c5 5. dxc5 Nf6 6. Nc3 Qa5 7. Bd3 Qxc5 8. Be3 Qa5 9. Qd2 Nc6 10. a3 d6 11. O-O-O Ng4 12. Nd5 Nxe3 13. Qxa5 Nxa5 14. Nxe3 Nc6 15. Nd5 Rb8 16. Nc7+ Kd7 17. Nd5 e6 18.
Ne3 Ke7 19. Rhe1 Rd8 20. Kb1 b5 21. Nf1 b4 22. a4 b3 23. c3 Bd7 24. Bb5 a6 25. Bxa6 Na5 26. Bb5 Bxb5 27. axb5 Rxb5 28. Ne3 Ra8 29. Nd4 Rb6 30. g3 Rba6 31. Kc1 Nc6 32.
Nxb3 Rb8 33. Nd2 Ne5 34. Kc2 Rc8 35. f4 Nc6 36. Ra1 Nb4+ 37. Kb3 Rxa1 38. Rxa1 Nd3 39. Ra7+ Kf8 40. Ndc4 Nc5+ 41. Kc2 Nxe4 42. Kd3 d5 43. Ne5 Bxe5 44. fxe5 Nxg3 45. b4 Ne4 46. c4 Nf2+ 47.
Kd4 dxc4 48. Nxc4 Rd8+ 49. Nd6 f5 50. b5 g5 51. hxg5 h4 52. g6 Kg8 53. b6 h3 54. Rh7 1-0

[Event "*** SCC Grand Prix: Titled Tuesday Blitz"]
[Site "Chess.com"]
[Date "2020.09.08"]
[Round "8"]
[White "Larina_Marija"]
[Black "UmarovSabir"]
[Result "0-1"]
[WhiteElo "2099"]
[BlackElo "2373"]
[TimeControl "180+1"]
[EndTime "11:37:28 PDT"]
[Termination "UmarovSabir won by checkmate"]

1. e4 g6 2. d4 Bg7 3. g3 c6 4.
a4 d5 5. e5 h5 6. h3 h4 7. g4 c5 8. c3 Nc6 9. Nf3 f5 10. gxf5 Bxf5 11. Bg5 Qb6 12. Qd2 Be4 13. dxc5 Qxc5 14. Be3 Qa5 15. b4 Qc7 16. Bg2 Nxe5 17. Bf4 Nxf3+ 18. Bxf3 e5 19. Bxe4 dxe4 20. Be3 Rd8 21.
Qa2 Qf7 22. Qxf7+ Kxf7 23. Ke2 Nf6 24. Nd2 Bh6 25. Nc4 Ke6 26. Rad1 Bf4 27. Bxa7 g5 28. a5 g4 29. Bb6 Rxd1 30. Kxd1 g3 31. fxg3 hxg3 32.
Ne3 Bxe3 33. Bxe3 Rg8 34. Rg1 Nd5 35. Bc5 Nxc3+ 36. Kc2 Nd5 37. Rg2 Nf4 38. Rg1 g2 39. h4 Nh3 40. Kc3 Nxg1 41. Bxg1 Rh8 42. Bf2 Rxh4 43. Bg1 Rh1 44. Bf2 g1=Q 45. Bxg1 Rxg1 46. Kc4 Ra1 47. Kc5 e3 48. Kb5 e2 49. Kb6 e1=Q 50. a6 Qxb4+ 51. Kc7 Rxa6 52. Kb8 Qd6+ 53. Kc8 Ra8+ 54.
Kxb7 Rb8+ 55. Ka7 Qb6# 0-1

[Event "*** SCC Grand Prix: Titled Tuesday Blitz"]
[Site "Chess.com"]
[Date "2020.09.08"]
[Round "8"]
[White "vovachesss"]
[Black "elohunter1999"]
[Result "1-0"]
[WhiteElo "2674"]
[BlackElo "2464"]
[TimeControl "180+1"]
[EndTime "11:37:29 PDT"]
[Termination "vovachesss won on time"]

1. e4 e5 2. Nf3 Nc6 3. Nc3 Nf6 4. g3 d5 5. exd5 Nxd5 6. Bg2 Nxc3 7. bxc3 Bc5 8. O-O O-O 9. Re1 Qf6 10. Qe2 Bb6 11. d3 h6 12. a4 Bg4 13. Qe4 Bf5 14. Qc4 Rfe8 15. Be3 e4 16. Nh4 exd3 17. Nxf5 Qxf5 18. Bxb6 Rxe1+ 19. Rxe1 d2 20. Rd1 Qxc2 21. Qe2 axb6 22. Rxd2 Qxc3 23. Rd7 Nd4 24. Qa2 Qe1+ 25. Bf1 Qe6 26.
Qxe6 Nxe6 27. Bc4 Rxa4 28. Bxe6 fxe6 29. Rxc7 Ra7 30. Kf1 b5 31. Ke2 b4 32. Rc4 Ra2+ 33. Kf3 Rb2 34. Rc7 b3 35. Rxb7 Rb1 36. h4 h5 37. Kf4 Rf1 38. Kg5 Rxf2 39. Kxh5 b2 40. g4 Kh7 41. g5 e5 42. g6+ Kg8 43. Rb8+ Rf8 44. Rxb2 Rf5+ 45. Kg4 Rf6 46. Kg5 Kf8 47. Rb8+ Ke7 48. Rb7+ Ke6 49. Rxg7 Rf5+ 50. Kg4 Rf1 51.
Kg5 Rg1+ 52. Kh6 e4 53. Rg8 e3 54. Re8+ Kf6 55. h5 Rg3 56. Kh7 1-0